 Dungeon Crawl Stone Soup version 0.24.0-123-gd5b16e6ec5 (webtiles) character file.

Game seed: 13095557849541413890, levelgen mode: deterministic

969 FishyPogo the Skirmisher (level 8, -6/71 HPs)
             Began as a Hill Orc Gladiator on Dec 28, 2019.
             Was a Follower of Beogh.
             Killed by divine providence
             ... invoked by an orc priest
              (13 damage)
             ... on level 5 of the Dungeon.
             The game lasted 00:12:37 (4169 turns).

FishyPogo the Skirmisher (Hill Orc Gladiator)       Turns: 4169, Time: 00:12:37

Health: -6/71      AC:  5    Str: 19    XL:     8   Next: 16%
Magic:  9/9        EV: 13    Int:  8    God:    Beogh [*.....]
Gold:   209        SH:  6    Dex: 12    Spells: 6/9 levels left

rFire    . . .     SeeInvis .   s - +0 broad axe
rCold    + . .     Gourm    .   (no shield)
rNeg     . . .     Faith    .   b - +0 leather armour
rPois    .         Spirit   .   i - +2 hat
rElec    .         Reflect  +   (no cloak)
rCorr    .         Harm     .   (no gloves)
MR       .....                  (no boots)
Stlth    +.........             g - +6 amulet of reflection
HPRegen  0.21/turn              m - ring of protection from cold
MPRegen  0.11/turn              (no ring)

@: very slightly contaminated
A: no striking features
a: Renounce Religion


You were on level 5 of the Dungeon.
You worshipped Beogh.
Beogh was aware of your devotion.
You were not hungry.

You visited 1 branch of the dungeon, and saw 5 of its levels.

You collected 209 gold pieces.

Inventory:

Hand Weapons
 a - a +0 war axe
 q - a +1 spear of venom
 s - a +0 broad axe (weapon)
Missiles
 d - 3 throwing nets
 h - 184 stones
 j - a boomerang (quivered)
 r - 6 curare-tipped darts
 u - 13 poisoned darts
Armour
 b - a +0 leather armour (worn)
 e - a +0 cloak
 i - a +2 hat (worn)
Jewellery
 g - a +6 amulet of reflection (around neck)
 m - a ring of protection from cold (left hand)
Scrolls
 k - 2 scrolls of teleportation {unknown}
 n - 2 scrolls of remove curse
 p - 4 scrolls of identify
Potions
 c - a potion of haste {unknown}
 l - 2 potions of curing
 o - a potion of brilliance {unknown}
Comestibles
 f - 10 rations
 t - a chunk of flesh


   Skills:
 * Level 6.6 Fighting
 + Level 5.7 Axes
 - Level 2.0 Throwing
 + Level 3.5 Armour
 - Level 4.0 Dodging
 - Level 1.0 Spellcasting
 + Level 3.5 Hexes


You had 6 spell levels left.
You knew the following spells:

 Your Spells              Type           Power        Failure   Level  Hunger
a - Tukima's Dance        Hex            #.......     30%         3    ####...

Your spell library contained the following spells:

 Spells                   Type           Power        Failure   Level  Hunger
 Corona                   Hex            #......      11%         1    ##.....
 Confuse                  Hex            #.......     30%         3    ####...
 Ensorcelled Hibernation  Hex/Ice        #.....       32%         2    ###....
 Dazzling Spray           Conj/Hex       #.....       54%         3    ####...


Dungeon Overview and Level Annotations

Branches:
Dungeon (5/15)
 Temple: D:4-7

Altars:

Shops:
D:4 =


Message History

Unknown command.
Throwing (i - inventory. (/) - cycle)
j - a boomerang (quivered)
Press: ? - help, Shift-Dir - straight line, f - orc priest
Aim: an orc priest, wielding a -2 hand axe You throw a boomerang.
The boomerang hits the orc.
The orc is severely wounded.
You flicker back into view.
You hit the orc.
You kill the orc!
Beogh accepts your kill. The orc closely misses you.
You slash the orc!
You kill the orc!
Beogh accepts your kill.
You slash the orc priest!
The orc priest is severely wounded.
The orc priest invokes the aid of Beogh against you.
Beogh smites you!
You die...
Beogh appreciates the orc priest's killing of a heretic priest.

.......รท......#
#......#
####..........#
#......#
#..........#
#......#
########.###
####.### ..##
#####....# #.....#
.....#...#..#.#
#.....#
..........#.#...
#.....###
..#.$.......####.#
#........
#...###..@# #
#........ ......
##o##### #........
..#$. #......#
#........ . #.Z
#......# #........
#. #......#
#<....... #.
#........#
#####....
#......### #....
........# #....
..........# ####.


You could see an orc priest.

Vanquished Creatures
  An ice beast (D:5)
  An ogre (D:5)
  3 scorpions
  A crimson imp (D:5)
  2 hounds (D:5)
  An orc priest (D:4)
  2 jellies (D:5)
  2 orc wizards
  2 iguanas
  Terence (D:2)
  Natasha (twice) (D:2)
  4 worker ants
  5 adders
  2 shadow imps (D:5)
  4 worms
  5 leopard geckos
  20 orcs
  3 bats
  5 giant cockroaches
  9 goblins
  7 hobgoblins
  7 jackals
  2 quokkas
  2 ball pythons
  6 frilled lizards
  11 kobolds
  5 rats
115 creatures vanquished.

Notes
Turn   | Place    | Note
-------+----------+-------------------------------------------
     0 | D:1      | FishyPogo the Hill Orc Gladiator began the quest for the
                  | Orb.
     0 | D:1      | Reached XP level 1. HP: 18/18 MP: 1/1
    32 | D:1      | Reached XP level 2. HP: 19/25 MP: 2/2
   500 | D:1      | Reached skill level 3 in Fighting
   516 | D:1      | Reached XP level 3. HP: 26/31 MP: 3/3
   616 | D:1      | Reached skill level 1 in Armour
   827 | D:2      | Noticed Terence
   836 | D:2      | Killed Terence
   836 | D:2      | Reached XP level 4. HP: 23/38 MP: 4/4
   940 | D:2      | Noticed Natasha
   960 | D:2      | Killed Natasha
  1040 | D:3      | Reached skill level 4 in Fighting
  1040 | D:3      | Reached XP level 5. HP: 31/46 MP: 5/5
  1078 | D:3      | Became a worshipper of Beogh the Brigand
  1161 | D:2      | Noticed Natasha
  1169 | D:2      | Killed Natasha
  1600 | D:3      | Learned a level 3 spell: Tukima's Dance
  1926 | D:3      | Reached * piety under Beogh
  2165 | D:3      | Reached XP level 6. HP: 34/53 MP: 6/6
  2353 | D:4      | Reached skill level 5 in Axes
  2383 | D:4      | Reached skill level 1 in Hexes
  2568 | D:4      | Found Viyle's Jewellery Shoppe.
  2707 | D:4      | Reached skill level 5 in Fighting
  3039 | D:4      | Reached XP level 7. HP: 25/61 MP: 7/7
  3336 | D:5      | Entered Level 5 of the Dungeon
  3384 | D:5      | Reached skill level 1 in Spellcasting
  3951 | D:5      | Reached skill level 6 in Fighting
  4126 | D:5      | Reached XP level 8. HP: 30/71 MP: 9/9
  4169 | D:5      | Killed from afar by an orc priest

Levels and vault maps discovered:
D:1:      shiori_arrival_oz, layout_basic
D:2:      layout_rooms, uniq_natasha, uniq_terence
D:3:      layout_basic
D:4:      layout_loops_ring, serial_shops, shop, first_ration
D:5:      layout_basic

Skill      XL: |  1  2  3  4  5  6  7 |
---------------+----------------------+-----
Fighting       | 3 4 5 6 |  6.6
Armour         | 1 2 3 |  3.5
Throwing       | 2 |  2.0
Dodging        | 3 4 |  4.0
Axes           | 5 |  5.7
Hexes          | 1 3 |  3.5
Spellcasting   | 1 |  1.0

Action                   |  1- 3 |  4- 6 |  7- 9 || total
-------------------------+-------+-------+-------++-------
Melee: War axe           |    75 |   228 |    26 ||   329
       Broad axe         |       |       |    81 ||    81
Throw: Boomerang         |       |    12 |     1 ||    13
Invok: Convert to Beogh  |       |     1 |       ||     1
  Use: Scroll            |     2 |       |       ||     2
       Potion            |       |       |     1 ||     1
 Stab: Invisible         |       |       |     3 ||     3
  Eat: Chunk             |       |     6 |     2 ||     8
       Ration            |       |       |     1 ||     1
Armor: Leather armour    |    17 |    45 |    16 ||    78
Dodge: Dodged            |    41 |   133 |    61 ||   235
Block: Other             |     8 |    72 |    33 ||   113
